 Dungeon Crawl Stone Soup version 0.19-a0-994-g3c636f0 (webtiles) character file.

45384 MrRokkomies the Fighter (level 13, -5/113 HPs)
             Began as a Demigod Ice Elementalist on July 12, 2016.
             Slain by an orc warrior
             ... wielding a +0 glaive
              (8 damage)
             ... on level 2 of the Orcish Mines on July 15, 2016.
             The game lasted 02:05:06 (22165 turns).

MrRokkomies the Fighter (Demigod Ice Elementalist) Turns: 22165, Time: 02:05:07

Health: -5/113     AC: 15    Str: 15    XL:     13   Next: 62%
Magic:  1/24       EV: 17    Int: 30    God:
Gold:   958        SH:  0    Dex: 14    Spells: 5 memorised, 3 levels left

rFire  x . .     SeeInvis .     w - +2 lajatang
rCold  + . .     Gourm    .     C - +4 robe "Peorhuuc" {rElec rPois MR- Int+7}
rNeg   . . .     Faith    .     (shield currently unavailable)
rPois  +         Spirit   .     q - +1 helmet
rElec  +         Dismiss  .     x - +0 cloak
rCorr  .         Reflect  .     b - +1 pair of gloves of Eternity {+Fly rPois MR+++ Dex-2}
SustAt +         Harm     .     v - +0 pair of boots
MR     +++..                    f - amulet of rage
Stlth  ++........               k - ring of ice
                                s - +3 ring of protection

@: very slightly contaminated, hasted, very quick, extremely resistant to
hostile enchantments, unstealthy
A: high mp 1, regeneration 1, sustain attributes
a: Evoke Berserk Rage, Evoke Flight


You were on level 2 of the Orcish Mines.
You were not hungry.

You visited 3 branches of the dungeon, and saw 17 of its levels.

You collected 1233 gold pieces.
You spent 275 gold pieces at shops.

Inventory:

Hand Weapons
 w - a +2 lajatang (weapon)
 U - a +2 quarterstaff of protection
Missiles
 u - 23 tomahawks (quivered)
 J - 2 throwing nets
Armour
 b - the +1 pair of gloves of Eternity (worn) {+Fly rPois MR+++ Dex-2}
   (You bought it in a shop on level 2 of the Orcish Mines)

   It affects your dexterity (-2).
   It protects you from poison.
   It affects your resistance to hostile enchantments.
   It lets you fly.
 q - a +1 helmet (worn)
 v - a +0 pair of boots (worn)
 x - a +0 cloak (worn)
 C - the +4 robe "Peorhuuc" (worn) {rElec rPois MR- Int+7}
   (You found it on level 5 of the Dungeon)

   It affects your intelligence (+7).
   It insulates you from electricity.
   It protects you from poison.
   It affects your resistance to hostile enchantments.
Rods
 o - a -1 rod of clouds (14/14)
   (You found it on level 2 of the Dungeon)
Jewellery
 e - an uncursed ring of fire
 f - an amulet of rage (around neck)
 k - a ring of ice (right hand)
 m - an uncursed ring of protection from cold
 s - a +3 ring of protection (left hand)
 F - a cursed ring of teleportation {unknown}
 R - a +3 ring of slaying
 X - an uncursed ring of flight
Wands
 h - a wand of teleportation (0/9)
 y - a wand of polymorph (8/24)
 D - a wand of iceblast (6/15)
 K - a wand of flame (14/48)
 L - a wand of iceblast (3/15)
 V - a wand of acid (1/15)
Scrolls
 A - a scroll of remove curse
 N - a scroll of fog
 W - a scroll of magic mapping
 Z - a scroll of recharging
Potions
 d - a potion of berserk rage
 i - a potion of ambrosia
 j - 3 potions of agility
 G - a potion of magic
 I - a potion of resistance
 P - 2 potions of lignification {unknown}
Comestibles
 c - 14 bread rations
 n - 5 meat rations
 z - 5 fruits


   Skills:
 - Level 10.0 Fighting
 * Level 7.5 Staves
 - Level 8.1 Dodging
 - Level 1.7 Stealth
 * Level 4.7 Spellcasting
 - Level 9.0 Conjurations
 - Level 5.0 Summonings
 - Level 10.0 Ice Magic
 - Level 9.1 Evocations


You had 3 spell levels left.
You knew the following spells:

 Your Spells              Type           Power        Failure   Level  Hunger
a - Freeze                Ice            ####         1%          1    None
b - Ozocubu's Armour      Chrm/Ice       ######..     2%          3    #......
c - Summon Ice Beast      Ice/Summ       ######..     2%          4    ###....
d - Throw Icicle          Conj/Ice       #######.     1%          4    ###....
e - Ozocubu's Refrigerat  Ice            #######...   17%         6    ######.


Dungeon Overview and Level Annotations

Branches:
Dungeon (9/15)             Temple (0/1) D:4            Lair (6/6) D:9
 Shoals (0/4) Lair:4       Spider (0/4) Lair:3        Slime (0/5) Lair:6
    Orc (2/2) D:9             Elf (0/3) Orc:2

Shops:
D:5 =   Orc:2 [


Innate Abilities, Weirdness & Mutations

You have an increased reservoir of magic. (+10% MP)
Your attributes are resistant to harm.
Your natural rate of healing is unusually fast.


Message History

Unknown command.
You completely miss the orc warrior.
The orc warrior is almost dead.
The orc warrior barely misses you.
The orc warrior hits you from afar with a glaive!
* * * LOW HITPOINT WARNING * * *
The orc warrior barely misses you. The orc warrior misses you.
You closely miss the orc warrior.
The orc warrior is almost dead.
The orc warrior barely misses you. x2
The orc warrior hits you from afar with a glaive!
* * * LOW HITPOINT WARNING * * *
The orc warrior misses you.
You feel yourself speed up.
The centaur shouts!
The centaur wields a shortbow.
The centaur shoots an arrow.
The arrow hits you!
* * * LOW HITPOINT WARNING * * *
The orc warrior misses you.
The orc warrior hits you from afar with a glaive!
You die...

##...........#.###...........#...
##....#..##.#.## ##..............
...............###....)..........
..............###.....#[)........
..............####.#..[.)........
...........#.#..####.............
...^......c......##.[.[........).
.................oo.......#......
................@o.o.............
.................................
.................................
......>............#.............
...##.#..........................
.#####.#.......#.......#.........
##.##..........##................
............<...............#....
##.##......#................#....


You could see 4 orc warriors and a centaur.

Vanquished Creatures
  An ettin (Orc:2)
  3 hydras
  5 death yaks
  An orc high priest (Orc:2)
  Pikel (D:7)
  A cyclops (Orc:2)
  2 griffons
  Maurice (D:8)
  4 black mambas
  12 elephants
  12 spiny frogs
  A rime drake (Lair:4)
  3 komodo dragons
  3 giant leeches (Lair:6)
  Prince Ribbit (D:6)
  10 blink frogs
  A spriggan (D:7)
  A wyvern (D:9)
  A basilisk (D:9)
  A fire elemental (Lair:6)
  33 yaks
  A hungry ghost (D:7)
  5 hippogriffs
  A vampire mosquito (Lair:5)
  11 water moccasins
  Edmund (D:4)
  A black bear (D:9)
  10 porcupines
  15 orc warriors
  2 ice beasts
  A slave (D:7)
  A phantom (D:5)
  3 sky beasts
  8 wolves
  3 ogres
  7 centaurs
  15 crocodiles
  23 giant frogs
  A wyvern zombie (D:9)
  3 scorpions
  5 killer bees
  3 howler monkeys (D:8)
  3 electric eels (Lair:6)
  4 crimson imps
  A centaur zombie (D:6)
  A giant frog zombie (D:5)
  3 hounds
  2 jellies
  2 quasits
  A centaur skeleton (D:6)
  7 orc priests
  Crazy Yiuf (D:3)
  3 giant frog skeletons
  12 orc wizards
  Jessica (D:2)
  Ijyb (D:2)
  8 iguanas
  6 worker ants
  24 sheep
  A worker ant zombie (D:9)
  Robin (D:2)
  11 adders
  A gnoll (D:6)
  83 river rats
  2 shadow imps
  3 oozes
  An adder zombie (D:7)
  An adder skeleton (D:4)
  2 dart slugs
  4 worms
  4 giant geckos
  49 orcs
  3 ball pythons
  2 giant cockroaches
  12 goblins
  3 hobgoblins
  9 jackals
  8 bats
  A giant gecko skeleton (D:5)
  4 kobolds
  6 rats
  A spectral orc (D:6)
  A fungus (D:3)
  2 plants (Lair:4)
513 creatures vanquished.

Vanquished Creatures (collateral kills)
  2 death yaks (Lair:4)
  A griffon (Lair:4)
  A manticore (Lair:4)
  An elephant (Lair:5)
  2 black mambas
  A torpor snail (Lair:4)
  9 spiny frogs
  3 komodo dragons
  2 giant leeches (Lair:6)
  A troll (D:9)
  7 blink frogs
  16 yaks
  A basilisk (Lair:3)
  2 hippogriffs
  3 vampire mosquitoes (Lair:6)
  4 water moccasins
  2 porcupines
  An ogre (D:9)
  4 wolves
  A crocodile (Lair:1)
  Blork the orc (D:6)
  6 giant frogs
  11 killer bees
  An electric eel (Lair:6)
  A howler monkey (D:8)
  3 orc priests
  2 jellies
  A giant frog skeleton (D:6)
  2 orc wizards
  A sheep (Lair:5)
  3 gnolls (D:6)
  A howler monkey skeleton (D:9)
  An adder (D:8)
  19 river rats
  A shadow imp (D:8)
  2 oozes (Lair:6)
  A giant gecko (D:6)
  7 orcs
  A quokka (D:8)
129 creatures vanquished.

Vanquished Creatures (others)
  2 yaks (D:9)
  An adder (D:7)
  2 orcs
  19 fungi
  35 plants
59 creatures vanquished.

Grand Total: 701 creatures vanquished

Notes
Turn   | Place    | Note
-------+----------+-------------------------------------------
     0 | D:1      | MrRokkomies the Demigod Ice Elementalist began the quest for the Orb.
     0 | D:1      | Reached XP level 1. HP: 14/14 MP: 5/5
   445 | D:1      | Reached XP level 2. HP: 8/20 MP: 0/7
  1479 | D:2      | Noticed Jessica
  1486 | D:2      | Killed Jessica
  1486 | D:2      | Reached XP level 3. HP: 12/26 MP: 7/9
  1650 | D:3      | Learned a level 3 spell: Ozocubu's Armour
  1868 | D:2      | Found a burning altar of Makhleb.
  1874 | D:2      | Identified a -1 rod of clouds (14/14) (You found it on level 2 of the Dungeon)
  1933 | D:2      | Noticed Ijyb
  1946 | D:2      | Killed Ijyb
  1946 | D:2      | Reached XP level 4. HP: 18/33 MP: 6/10
  2046 | D:2      | Noticed Robin
  2085 | D:2      | Killed Robin
  2591 | D:3      | Learned a level 4 spell: Summon Ice Beast
  2888 | D:3      | Reached XP level 5. HP: 14/38 MP: 3/12
  2897 | D:3      | Reached skill level 5 in Ice Magic
  3173 | D:3      | Found a shimmering altar of Xom.
  3265 | D:3      | Found a deep blue altar of Sif Muna.
  3291 | D:3      | Reached skill level 1 in Summonings
  3291 | D:3      | Reached skill level 1 in Evocations
  3415 | D:3      | Reached XP level 6. HP: 24/45 MP: 7/13
  4086 | D:3      | Found a stormy altar of Qazlal.
  4142 | D:3      | Found an iron altar of Okawaru.
  4305 | D:3      | Found a runed door.
  4309 | D:3      | Noticed Crazy Yiuf
  4315 | D:3      | Killed Crazy Yiuf
  4533 | D:4      | Noticed Edmund
  4540 | D:4      | Killed Edmund
  4887 | D:4      | Reached XP level 7. HP: 50/50 MP: 14/14
  4891 | D:4      | Found a staircase to the Ecumenical Temple.
  4940 | D:4      | Found a sparkling altar of Nemelex Xobeh.
  5933 | D:5      | Entered Level 5 of the Dungeon
  5956 | D:5      | Found a hide-covered altar of Uskayaw.
  6178 | D:5      | Got an opalescent robe
  6261 | D:5      | Found a blossoming altar of Fedhas.
  6546 | D:5      | Identified the +4 robe "Peorhuuc" {rElec rPois MR- Int+7} (You found it on level 5 of the Dungeon)
  6969 | D:5      | Reached skill level 5 in Summonings
  7012 | D:5      | Found Sedots's Jewellery Boutique.
  7295 | D:6      | Noticed Blork the orc
  7303 | D:6      | Killed Blork the orc
  7303 | D:6      | Reached skill level 1 in Fighting
  7303 | D:6      | Reached skill level 5 in Evocations
  7303 | D:6      | Reached XP level 8. HP: 59/59 MP: 7/15
  7548 | D:6      | Found a basalt altar of Yredelemnul.
  8027 | D:6      | Noticed Prince Ribbit
  8071 | D:6      | Killed Prince Ribbit
  8507 | D:6      | Reached skill level 5 in Fighting
  8560 | D:6      | Found a deep blue altar of Sif Muna.
  8794 | D:7      | Noticed Pikel
  8838 | D:7      | Killed Pikel
  8838 | D:7      | Reached XP level 9. HP: 70/78 MP: 3/17
  8928 | D:7      | Found a hazy altar of Hepliaklqana.
 10434 | D:8      | Noticed Maurice
 10442 | D:8      | Killed Maurice
 10744 | D:8      | Found a glowing golden altar of the Shining One.
 10799 | D:9      | Reached XP level 10. HP: 81/91 MP: 15/19
 10918 | D:9      | Reached skill level 10 in Fighting
 10946 | D:9      | Found a staircase to the Lair.
 10970 | D:9      | Found a staircase to the Orcish Mines.
 10998 | D:9      | Found a glowing silver altar of Zin.
 11070 | D:9      | Found a shattered altar of Ashenzari.
 11428 | D:9      | Learned a level 4 spell: Throw Icicle
 12003 | Lair:1   | Entered Level 1 of the Lair of Beasts
 12633 | Lair:1   | Reached skill level 5 in Dodging
 12894 | Lair:1   | Gained mutation: Your natural rate of healing is unusually fast. [potion of beneficial mutation]
 13127 | Lair:1   | Reached XP level 11. HP: 99/99 MP: 4/20
 13992 | Lair:2   | Reached skill level 1 in Conjurations
 14563 | Lair:2   | Upgraded the game from 0.19-a0-965-g50bf062 to 0.19-a0-970-g9a4211b
 14600 | Lair:3   | Reached skill level 1 in Staves
 14934 | Lair:3   | Found a hole to the Spider Nest.
 15534 | Lair:4   | Noticed a death yak
 15534 | Lair:4   | Noticed a death yak
 15534 | Lair:4   | Noticed a death yak
 15534 | Lair:4   | Noticed a death yak
 15583 | Lair:4   | Reached skill level 5 in Conjurations
 15774 | Lair:4   | Found a staircase to the Shoals.
 15823 | Lair:4   | Reached XP level 12. HP: 79/106 MP: 6/22
 16321 | Lair:4   | Noticed a five-headed hydra
 16335 | Lair:4   | Killed a five-headed hydra
 17547 | Lair:5   | Identified a +0 rod of clouds (9/9) (You found it on level 5 of the Lair of Beasts)
 17684 | Lair:6   | Entered Level 6 of the Lair of Beasts
 18661 | Lair:6   | Found a staircase to the Slime Pits.
 18894 | Lair:6   | Noticed an eight-headed hydra
 18901 | Lair:6   | Killed an eight-headed hydra
 18901 | Lair:6   | Reached XP level 13. HP: 59/113 MP: 1/23
 19261 | Lair:6   | Reached skill level 5 in Staves
 20319 | Lair:4   | Reached skill level 10 in Ice Magic
 20870 | Lair:4   | Upgraded the game from 0.19-a0-970-g9a4211b to 0.19-a0-994-g3c636f0
 20958 | D:9      | Learned a level 6 spell: Ozocubu's Refrigeration
 20985 | Orc:1    | Entered Level 1 of the Orcish Mines
 21232 | Orc:2    | Entered Level 2 of the Orcish Mines
 21331 | Orc:2    | Found a staircase to the Elven Halls.
 21538 | Orc:1    | Noticed an orc warlord
 21904 | Orc:2    | Found Kairyf's Antique Armour Boutique.
 21996 | Orc:2    | Bought a pair of faintly glowing gloves for 275 gold pieces
 22001 | Orc:2    | Identified the +1 pair of gloves of Eternity {+Fly rPois MR+++ Dex-2} (You bought it in a shop on level 2 of the Orcish Mines)
 22165 | Orc:2    | HP: 3/113 [centaur/arrow (14)]
 22165 | Orc:2    | Slain by an orc warrior

Vault maps used:
D:1:      saegor_arrival_simple_d
D:2:      lightli_temple_of_fire, uniq_jessica, uniq_robin, uniq_iyjb
D:3:      lemuel_crystal_altar, gammafunk_temple_overflow_claw, first_bread,
          uniq_crazy_yiuf_cottage
D:4:      nemelex_xobeh_ov_fountains_minmay, serial_co_window_serial,
          co_window_corner_a, co_window_of_opportunity_a, co_window_paths_a,
          co_window_corner_a, co_window_corner_a, co_window_broadway_b,
          co_window_cross_4, co_window_2corner, co_window_broadway_a,
          co_window_broadway_a, co_window_4corner_b, co_window_paths_d,
          glass_columns_b, glass_columns_b, glass_columns_a, uniq_edmund
D:5:      fedhas_bush_and_centaur_altar, lemuel_round_altar, serial_shops, shop
D:6:      kennysheep_orc_sif_temple, yredelemnul_forgotten_temple_becter,
          uniq_prince_ribbit1, uniq_blork_the_orc
D:7:      kennysheep_little_box, the_bakery, uniq_pikel
D:8:      tso_oasis_becter, uniq_maurice
D:9:      overflow_temple_1_default, nicolae_ashenzari_panopticon,
          minmay_lair_entry_grove, orc_0_dummy
Lair:1:   minivault_26, ldierk_geyser
Lair:2:   grunt_megastairs_2
Lair:3:   spider_nest_entry_web_field, st_stairs_12
Lair:4:   minmay_shoals_entry_beasts, serial_bayou_pond_d,
          grunt_forest_small_clearing_treed, grunt_megastairs_3
Lair:5:   beast_lair_carwin_2
Lair:6:   minmay_lair_end_frog_pond, nicolae_slime_entry_slimehenge,
          bh_autumn_forest_stairs
Orc:2:    st_orc_rangers, serial_shops, shop, lemuel_statue_altar

Skill      XL: |  1  2  3  4  5  6  7  8  9 10 11 12 13 |
---------------+----------------------------------------+-----
Ice Magic      | 3 4 5 8 10 | 10.0
Spellcasting   | 2 3 4 |  4.7
Summonings     | 1 3 5 |  5.0
Evocations     | 1 3 5 6 7 8 9 |  9.1
Fighting       | 1 6 9 10 | 10.0
Dodging        | 6 8 |  8.1
Conjurations   | 5 9 |  9.0
Staves         | 4 7 |  7.5
Stealth        | |  1.7

Action                   |  1- 3 |  4- 6 |  7- 9 | 10-12 | 13-15 || total
-------------------------+-------+-------+-------+-------+-------++-------
Melee: Unarmed           |    16 |       |       |       |       ||    16
       Dagger            |    49 |   118 |       |       |       ||   167
       Mace              |       |    49 |    16 |       |       ||    65
       Flail             |       |    38 |   442 |   181 |       ||   661
       Battleaxe         |       |       |    11 |       |       ||    11
       Quarterstaff      |       |       |       |   848 |       ||   848
       Lajatang          |       |       |       |    19 |   259 ||   278
Throw: Stone             |     1 |     5 |    11 |       |       ||    17
       Tomahawk          |       |       |     4 |    39 |     8 ||    51
 Cast: Freeze            |    27 |    24 |    44 |   106 |    10 ||   211
       Ozocubu's Armour  |     1 |     7 |     9 |    30 |     7 ||    54
       Summon Ice Beast  |       |       |    23 |    76 |    18 ||   117
       Throw Icicle      |       |       |       |     5 |    17 ||    22
       Ozocubu's Refrige |       |       |       |       |     7 ||     7
Evoke: Wand              |       |     6 |     6 |     3 |     7 ||    22
       Rod               |       |       |     7 |    14 |     6 ||    27
  Use: Scroll            |     7 |     6 |     7 |    13 |     1 ||    34
       Potion            |       |     2 |       |     6 |     3 ||    11
 Stab: Distracted        |     1 |     1 |     1 |     5 |     1 ||     9
       Sleeping          |     1 |     2 |     3 |     9 |       ||    15
       Confused          |       |       |       |     3 |     4 ||     7
  Eat: Chunk             |     3 |     8 |    19 |    32 |    13 ||    75
       Meat ration       |       |     1 |     1 |     2 |     1 ||     5
       Fruit             |       |       |     6 |     2 |       ||     8
       Royal jelly       |       |       |     1 |     1 |       ||     2
       Pizza             |       |       |     1 |       |       ||     1
       Beef jerky        |       |       |       |     3 |       ||     3
       Bread ration      |       |       |       |       |     2 ||     2
Armor: Robe              |    18 |    16 |   289 |   596 |    94 ||  1013
       Leather armour    |     2 |    61 |    62 |       |       ||   125
Dodge: Dodged            |    69 |   148 |   484 |  1532 |   330 ||  2563
